AoeStats
← 17_Neo_

Arabia

510548770Analyzed
1v1 RM · 23h ago on Oct 1, 2026· 28m 14s· 2 players
Game mode
Random Map
Map size
Tiny (2 player)
Population
200
Speed
Normal
Resources
Standard
Victory
Conquest
Starting age
Dark Age
Ending age
Imperial Age
RankedLock teamsTeams togetherTeam positionsShared explorationLock speedFull tech treeHidden civsTurbo modeCheats
Victory
Defeat
🇨🇴 Maya · Colombia
1767
+12
🇨🇴 Byzantines · Colombia
1685
-12
troll_oscuro
5:03 Loom
9:12 Feudal Age
9:40 Double-Bit Axe
14:54 Man-at-Arms
17:44 Castle Age
16:13 Scale Mail Armor
16:11 Horse Collar
18:30 Squires
17_Neo_
0:27 Loom
11:28 Feudal Age
13:48 Double-Bit Axe
16:04 Castle Age
14:16 Horse Collar
16:12 Eagle Warrior
22:30 Forging
23:52 Scale Mail Armor
27:06 Chain Mail Armor
Connection lost

Rejoining the realm…

Still unreachable

The connection could not be restored.

Session expired

The server has moved on; the page needs a fresh start.